 Dungeon Crawl Stone Soup version 0.18.1-8-gdd0e5ea (webtiles) character file.

140 l0ser140 the Skirmisher (level 5, 0/55 HPs)
             Began as an Ogre Hunter on May 31, 2016.
             Succumbed to an orc wizard's poison
             ... on level 3 of the Dungeon.
             The game lasted 00:04:02 (2201 turns).

l0ser140 the Skirmisher (Ogre Hunter)               Turns: 2201, Time: 00:04:02

Health: 0/55       AC:  3    Str: 18    XL:     5   Next: 22%
Magic:  5/5        EV: 10    Int: 10    God:
Gold:   137        SH:  0    Dex: 10    Spells: 0 memorised, 4 levels left

rFire  . . .     SeeInvis .     p - +0 mace
rCold  . . .     Gourm    .     b - +0 robe
rNeg   . . .     Faith    .     (no shield)
rPois  .         Spirit   .     (helmet restricted)
rElec  .         Dismiss  .     (no cloak)
rCorr  .         Reflect  .     (gloves unavailable)
SustAt .         Harm     .     (boots unavailable)
MR     .....                    (no amulet)
Stlth  ++........               (no ring)
                                (no ring)

@: lethally poisoned (0 -> -12), not resistant to hostile enchantments,
unstealthy
A: unfitting armour, tough skin 1
a: no special abilities


You were on level 3 of the Dungeon.
You were not hungry.

You visited 1 branch of the dungeon, and saw 3 of its levels.

You collected 137 gold pieces.

Inventory:

Hand Weapons
 p - a +0 mace (weapon)
Missiles
 c - 2 large rocks (quivered)
 d - 2 throwing nets
Armour
 b - a +0 robe (worn)
Scrolls
 e - a scroll of random uselessness {unknown}
 i - 2 scrolls of blinking {unknown}
 k - 2 scrolls of magic mapping {unknown}
 l - 4 scrolls of remove curse {unknown}
 n - a scroll of identify {unknown}
Potions
 g - a potion of heal wounds
 j - a potion of berserk rage {unknown}
 m - a potion of haste {unknown}
 o - a potion of curing {unknown}
 s - a potion of brilliance {unknown}
Comestibles
 a - a slice of pizza
 f - a bread ration
 h - 2 beef jerkies
 q - a chunk of flesh
 r - a meat ration


   Skills:
 + Level 4.5 Fighting
 - Level 4.0 Throwing
 + Level 3.1 Dodging
 + Level 2.4 Stealth


You had 4 spell levels left.
You didn't know any spells.

Dungeon Overview and Level Annotations

Branches:
Dungeon (3/15)

Altars:


Innate Abilities, Weirdness & Mutations

You are too large for most types of armour.
You have tough skin (AC +1).


Message History

Aim: an orc wizard, wielding a dagger of venom and wearing a robe (heavily wounded, fast)
You throw a large rock. The large rock hits the orc wizard!!
You kill the orc wizard!
Your Dodging skill increases to level 3!
You have reached level 5!
* * * LOW HITPOINT WARNING * * *
You feel very sick.
Damage: -2%(-1hp) hp: 35%(19hp)
* * * LOW HITPOINT WARNING * * *
You feel very sick.
Damage: -5%(-3hp) hp: 30%(16hp)
* * * LOW HITPOINT WARNING * * *
You feel sick.
Damage: -4%(-2hp) hp: 26%(14hp)
* * * LOW HITPOINT WARNING * * *
You feel sick.
Damage: -4%(-2hp) hp: 22%(12hp)
* * * LOW HITPOINT WARNING * * *
You feel sick.
Damage: -3%(-2hp) hp: 19%(10hp)
* * * LOW HITPOINT WARNING * * *
You feel sick.
Damage: -4%(-2hp) hp: 15%(8hp) Throwing (i - inventory. (,) - cycle):
c - 4 large rocks (quivered)
Press: ? - help, Shift-Dir - straight line, f - orc
Aim: an orc, wielding a flail (hasn't noticed you)
You throw a large rock. The orc shouts!
The large rock hits the orc!!
You kill the orc!
* * * LOW HITPOINT WARNING * * *
You feel very sick.
Huge Dmg: -4%(-2hp) hp: 11%(6hp)
* * * LOW HITPOINT WARNING * * *
You feel sick.
Huge Dmg: -3%(-2hp) hp: 8%(4hp) Unknown command.
* * * LOW HITPOINT WARNING * * *
You feel sick.
Huge Dmg: -2%(-1hp) hp: 6%(3hp)
* * * LOW HITPOINT WARNING * * *
You feel sick.
An orc priest comes into view. It is wielding a trident.
Huge Dmg: -4%(-2hp) hp: 2%(1hp) Throwing (i - inventory. (,) - cycle):
c - 3 large rocks (quivered)
Press: ? - help, Shift-Dir - straight line, f - orc priest
Aim: an orc priest, wielding a trident and wearing a leather armour (hasn't noticed you)
You throw a large rock. The large rock hits the orc priest.
The orc priest is lightly wounded.
You die...

..........# #.........#.# #.#..#
#.###..##.# #.........#.# #.#..##
#.###..##.###.........#.# #.#.&..
......................#.###.#..##
....................o.......^....
..........###..#####.#..###....##
.............<.o.................
.......####....#####.#o.####.....
.#.#...# #.o..+ΞΆ.....(........##
.#.#...# #....#####.##..###...#
............... ..#+##..###...#
.#..##..####.o. #............#
..... ... .... #............#
##... #............#
#............# #............##
................


You could see an orc priest.

Vanquished Creatures
  An orc wizard (D:3)
  Jessica (D:2)
  A gnoll (D:1)
  2 adders (D:2)
  A worm (D:2)
  4 dart slugs (D:1 D:2)
  2 giant geckos (D:2 D:3)
  2 orcs (D:3)
  4 giant cockroaches (D:1 D:3)
  4 goblins (D:1 D:2)
  4 hobgoblins (D:1 D:2)
  3 quokkas (D:2)
  5 bats (D:1 D:2 D:3)
  A giant newt (D:2)
  6 kobolds (D:1 D:2)
  3 rats (D:1 D:3)
44 creatures vanquished.

Notes
Turn   | Place    | Note
--------------------------------------------------------------
     0 | D:1      | l0ser140 the Ogre Hunter began the quest for the Orb.
     0 | D:1      | Reached XP level 1. HP: 22/22 MP: 1/1
    19 | D:1      | Reached skill level 1 in Stealth
    39 | D:1      | Reached skill level 3 in Fighting
    54 | D:1      | Reached skill level 2 in Dodging
    62 | D:1      | Reached XP level 2. HP: 24/31 MP: 2/2
   222 | D:1      | Huge Dmg: 7 Dmg
   226 | D:1      | Reached XP level 3. HP: 20/37 MP: 3/3
   732 | D:2      | Huge Dmg: 10 Dmg
   951 | D:2      | Huge Dmg: 8 Dmg
   954 | D:2      | Reached skill level 2 in Stealth
   954 | D:2      | Reached XP level 4. HP: 30/48 MP: 4/4
  1389 | D:2      | Noticed Jessica
  1396 | D:2      | Killed Jessica
  1396 | D:2      | Reached skill level 4 in Fighting
  2179 | D:3      | Huge Dmg: 8 Dmg
  2186 | D:3      | Huge Dmg: 10 Dmg
  2188 | D:3      | Huge Dmg: 9 Dmg
  2189 | D:3      | Huge Dmg: 5 Dmg
  2190 | D:3      | Huge Dmg: 8 Dmg
  2191 | D:3      | Reached skill level 3 in Dodging
  2191 | D:3      | Reached XP level 5. HP: 23/55 MP: 5/5
  2198 | D:3      | Huge Dmg: 2 Dmg
  2199 | D:3      | Huge Dmg: 2 Dmg
  2200 | D:3      | Huge Dmg: 1 Dmg
  2200 | D:3      | HP: 1/55 [poisoned by an orc wizard]
  2201 | D:3      | Huge Dmg: 2 Dmg
  2201 | D:3      | Succumbed to an orc wizard's poison

Skill      XL: |  1  2  3  4 |
---------------+-------------+-----
Stealth        | 1 2 |  2.4
Fighting       | 3 4 |  4.5
Dodging        | 2 3 |  3.1
Throwing       | |  4.0

Action                   |  1- 3 |  4- 6 || total
-------------------------+-------+-------++-------
Melee: Short sword       |   107 |    15 ||   122
       Mace              |       |    62 ||    62
Throw: Large rock        |     3 |     4 ||     7
  Use: Potion            |       |     2 ||     2
 Stab: Sleeping          |     3 |     2 ||     5
  Eat: Chunk             |       |     4 ||     4
Armor: Robe              |    24 |    29 ||    53
Dodge: Dodged            |    54 |    52 ||   106

Vault maps used:
D:1:      minmay_arrival_stone_box, hangedman_abyss_or_decor_stabs
D:2:      kennysheep_big_flooded_room, uniq_jessica
D:3:      kennysheep_six_static_rooms, lemuel_doored_altar
